 Dungeon Crawl Stone Soup version 0.22.1-2-g9c5b331383 (webtiles) character file.

3426 Jerry the Carver (level 10, -4/80 HPs)
             Began as a Merfolk Fighter on Nov 26, 2018.
             Was an Elder of Okawaru.
             Slain by a yak (24 damage)
             ... on level 8 of the Dungeon.
             The game lasted 00:20:00 (7615 turns).

Jerry the Carver (Merfolk Fighter)                  Turns: 7615, Time: 00:20:00

Health: -4/80      AC:  9    Str: 20    XL:     10   Next: 5%
Magic:  13/13      EV: 10    Int:  8    God:    Okawaru [****..]
Gold:   356        SH:  0    Dex: 13    Spells: 9/9 levels left

rFire    . . .     SeeInvis +   a - +1 long sword
rCold    . . .     Gourm    .   c - +2 buckler
rNeg     . . .     Faith    .   b - +0 scale mail
rPois    .         Spirit   .   s - +1 helmet
rElec    .         Reflect  +   (no cloak)
rCorr    .         Harm     .   (no gloves)
MR       .....                  (no boots)
Stlth    ..........             E - +5 amulet of reflection
HPRegen  0.23/turn              (no ring)
MPRegen  0.13/turn              t - ring of see invisible

@: sleeping, very slightly contaminated, invisible
A: change form in water, swift swim, stealthy swim
a: Heroism, Renounce Religion


You were on level 8 of the Dungeon.
You worshipped Okawaru.
Okawaru was greatly pleased with you.
You were not hungry.

You visited 1 branch of the dungeon, and saw 8 of its levels.

You collected 356 gold pieces.

Inventory:

Hand Weapons
 a - a +1 long sword (weapon)
 o - a +1 dagger of speed
 y - a +1 short sword of speed
Armour
 b - a +0 scale mail (worn)
 c - a +2 buckler (worn)
 s - a +1 helmet (worn)
Jewellery
 t - a ring of see invisible (right hand)
 E - a +5 amulet of reflection (around neck)
Wands
 g - a wand of paralysis (7)
 w - a wand of digging (9)
 x - a wand of acid (1)
Scrolls
 d - a scroll of amnesia
 i - a scroll of noise
 k - 2 scrolls of magic mapping
 l - 2 scrolls of remove curse
 u - a scroll of teleportation {unknown}
 v - 2 scrolls of identify
 B - a scroll of enchant armour
Potions
 e - 2 potions of heal wounds {unknown}
 h - a potion of lignification {unknown}
 j - 2 potions of flight {unknown}
 m - 5 potions of curing {unknown}
 p - 3 potions of agility {unknown}
 q - 2 potions of berserk rage {unknown}
 r - 3 potions of magic {unknown}
 z - a potion of resistance {unknown}
 A - 2 potions of mutation {unknown}
 C - a potion of haste {unknown}
Comestibles
 f - 12 rations
 D - 2 chunks of flesh


   Skills:
 + Level 7.7 Fighting
 * Level 9.9 Long Blades
 + Level 5.3 Armour
 + Level 2.0 Dodging
 - Level 1.3 Stealth
 - Level 4.0 Shields
 - Level 4.9 Invocations


You had 9 spell levels left.
You didn't know any spells.
Your spell library contained the following spells:

 Spells                   Type           Power        Failure   Level  Hunger
 Animate Skeleton         Necr           N/A          75%         1    ##.....
 Apportation              Tloc           #.....       75%         1    ##.....
 Confusing Touch          Hex            #.....       75%         1    ##.....
 Summon Small Mammal      Summ           #...         75%         1    ##.....


Dungeon Overview and Level Annotations

Branches:
Dungeon (8/15)             Temple (0/1) D:7
   Lair: D:8-11

Altars:
Cheibriados
Dithmenos
Elyvilon
Fedhas
Gozag
Hepliaklqana
Nemelex Xobeh
Okawaru
Sif Muna
Uskayaw
Wu Jian


Message History

The yak gores you.
* * * LOW HITPOINT WARNING * * *
You completely miss the yak.
The yak is moderately wounded.
The yak closely misses you.
You riposte.
You hit the yak.
The yak is heavily wounded.
You slash the yak!
The yak is severely wounded.
You hit the yak.
The yak is almost dead.
You block the yak's attack.
The dream sheep shake their wool and sparkle.
You feel drowsy...
You fall asleep.
The yak misses you. x3
The yak barely misses you. The yak barely misses you.
You feel like a meek peon again. The yak barely misses you. The yak gores you!!
You die...

####### ### #####PP≈P.+
..######### #...#P≈≈≈≈#
..##......####...#≈.P≈P##+
..##......#.....)#Y....#..
..##......#.....@YK....'..
..##......#......#Y%P..'..
..##..)...#......#≈%..%'.%
..##......#......#...[.#.%
..##......#......#########
.........................
...........>.............
..##......##########...#.
####......# #.#


You could see a yak, a big kobold and 2 dream sheep.

Vanquished Creatures
  Pikel (D:6)
  Prince Ribbit (D:7)
  A yak (D:8)
  Eustachio (D:6)
  Menkaure (D:7)
  Edmund (D:6)
  2 black bears
  A hornet zombie (D:6)
  2 orc warriors
  2 ice beasts
  A phantom (D:7)
  An ogre (D:8)
  A centaur (D:5)
  A big kobold (D:8)
  A bullfrog (D:7)
  2 scorpions
  6 killer bees (D:7)
  A bullfrog zombie (D:3)
  A crimson imp (D:6)
  2 jellies
  7 orc wizards
  An orc priest (D:4)
  Jessica (D:3)
  An iguana (D:4)
  4 worker ants
  A hound skeleton (D:7)
  A howler monkey zombie (D:6)
  10 adders
  4 gnolls (D:6)
  An ooze (D:1)
  3 adder zombies
  3 adder skeletons
  A worm (D:2)
  2 dart slugs
  9 leopard geckos
  23 orcs
  A ball python (D:4)
  7 bats
  5 giant cockroaches
  10 goblins
  6 hobgoblins
  8 jackals
  3 quokkas
  5 frilled lizards
  7 kobolds
  2 leopard gecko skeletons
  A quokka skeleton (D:4)
  7 rats
164 creatures vanquished.

Notes
Turn   | Place    | Note
-------+----------+-------------------------------------------
     0 | D:1      | Jerry the Merfolk Fighter began the quest for the Orb.
     0 | D:1      | Reached XP level 1. HP: 18/18 MP: 1/1
   105 | D:1      | Reached XP level 2. HP: 24/24 MP: 2/2
   369 | D:1      | Reached skill level 1 in Stealth
   462 | D:1      | Reached XP level 3. HP: 29/29 MP: 3/3
   865 | D:2      | Found a snail-covered altar of Cheibriados.
   866 | D:2      | Found an ornate altar of the Wu Jian Council.
  1134 | D:2      | Found an iron altar of Okawaru.
  1191 | D:2      | Became a worshipper of Warmaster Okawaru
  1287 | D:2      | Reached XP level 4. HP: 35/37 MP: 4/4
  1734 | D:3      | Reached skill level 3 in Long Blades
  1906 | D:3      | You fall through a shaft for 2 floors!
  1906 | D:5      | Entered Level 5 of the Dungeon
  1919 | D:5      | Reached skill level 1 in Invocations
  1919 | D:5      | Reached XP level 5. HP: 34/42 MP: 5/5
  2053 | D:5      | Reached * piety under Okawaru
  2055 | D:5      | Found an opulent altar of Gozag.
  2160 | D:5      | Noticed a centaur
  2270 | D:5      | Found a blossoming altar of Fedhas.
  2292 | D:4      | Reached XP level 6. HP: 29/48 MP: 7/7
  2294 | D:4      | Reached skill level 4 in Long Blades
  2789 | D:3      | Found a faded altar of an unknown god.
  2922 | D:3      | Noticed Jessica
  2927 | D:3      | Killed Jessica
  3225 | D:4      | Found a deep blue altar of Sif Muna.
  3302 | D:4      | Reached XP level 7. HP: 19/55 MP: 8/8
  4012 | D:4      | Found a sparkling altar of Nemelex Xobeh.
  4133 | D:5      | Reached ** piety under Okawaru
  4133 | D:5      | Reached skill level 5 in Long Blades
  4497 | D:5      | Reached skill level 5 in Fighting
  5032 | D:6      | Noticed Eustachio
  5043 | D:6      | Killed Eustachio
  5043 | D:6      | Reached skill level 6 in Long Blades
  5043 | D:6      | Reached XP level 8. HP: 58/62 MP: 10/10
  5778 | D:6      | Noticed Pikel
  5818 | D:6      | Killed Pikel
  5818 | D:6      | Reached *** piety under Okawaru
  5818 | D:6      | Reached skill level 7 in Long Blades
  5818 | D:6      | Reached XP level 9. HP: 34/69 MP: 6/12
  6138 | D:6      | Noticed Edmund
  6164 | D:6      | Killed Edmund
  6247 | D:6      | Reached skill level 8 in Long Blades
  6495 | D:6      | Found a shadowy altar of Dithmenos.
  6664 | D:7      | Found a staircase to the Ecumenical Temple.
  7093 | D:7      | Found a hide-covered altar of Uskayaw.
  7206 | D:7      | Noticed Menkaure
  7213 | D:7      | Killed Menkaure
  7213 | D:7      | Reached skill level 9 in Long Blades
  7295 | D:7      | Found a hazy altar of Hepliaklqana.
  7339 | D:7      | Noticed Prince Ribbit
  7350 | D:7      | Reached skill level 5 in Armour
  7361 | D:7      | Killed Prince Ribbit
  7361 | D:7      | Reached **** piety under Okawaru
  7495 | D:8      | Found a white marble altar of Elyvilon.
  7562 | D:8      | Reached skill level 1 in Dodging
  7592 | D:8      | Reached XP level 10. HP: 56/79 MP: 10/13
  7615 | D:8      | Slain by a yak

Skill      XL: |  1  2  3  4  5  6  7  8  9 10 |
---------------+-------------------------------+-----
Stealth        | 1 |  1.3
Long Blades    | 3 4 6 7 9 |  9.9
Shields        | 4 |  4.0
Invocations    | 1 2 3 4 |  4.9
Fighting       | 4 5 6 7 |  7.7
Armour         | 3 4 5 |  5.3
Dodging        | 1 2 |  2.0

Action                   |  1- 3 |  4- 6 |  7- 9 | 10-12 || total
-------------------------+-------+-------+-------+-------++-------
Melee: Long sword        |   137 |   204 |   426 |    14 ||   781
Invok: Heroism           |       |       |     9 |       ||     9
  Use: Scroll            |       |     7 |     6 |       ||    13
       Potion            |       |       |     1 |     1 ||     2
 Stab: Invisible         |       |       |       |     3 ||     3
  Eat: Chunk             |     1 |     7 |    11 |       ||    19
       Ration            |       |       |     1 |       ||     1
Armor: Scale mail        |    57 |    93 |   155 |     1 ||   306
Dodge: Dodged            |    79 |    84 |   165 |    14 ||   342
Block: Buckler           |    57 |    66 |   156 |     7 ||   286
       Rpst.: Long sword |    18 |    34 |    52 |     1 ||   105
